 Dungeon Crawl Stone Soup version 0.27-a0-1135-g81dfa19a63 (console) character file.

Game seed: 12974917623868701746

60 GreatCaesar the Magician (level 4, -1/33 HPs)
             Began as a Djinni Arcane Marksman on May 4, 2021.
             Slain by a necrophage (8 damage)
             ... on level 2 of the Dungeon.
             The game lasted 00:09:02 (2268 turns).

GreatCaesar the Magician (Djinni Arcane Marksman)   Turns: 2268, Time: 00:09:03

Health: -1/33      AC:  2    Str:  9    XL:     4   Next: 6%
Gold:   98         EV: 12    Int: 15    God:
                   SH:  0    Dex: 14

rFire    + + .     SeeInvis .   b - +1 dagger (freeze)
rCold    x . .     Faith    .   (no shield)
rNeg     . . .     Spirit   .   e - +0 robe
rPois    ∞         Reflect  .   (no helmet)
rElec    .         Harm     .   (no cloak)
rCorr    .         Rampage  .   (no gloves)
Will     .....                  (boots unavailable)
Stlth    +.........             (no amulet)
HPRegen  0.11/turn              (no ring)
MPRegen  0.00/turn              (no ring)

@: flying
A: sickness immunity, fire resistance 2, cold vulnerability 1, float, innate
caster, hp casting, extra vitality 1
a: no special abilities


You were on level 2 of the Dungeon.
You visited 1 branch of the dungeon, and saw 2 of its levels.

You collected 98 gold pieces.

Inventory:

Hand Weapons
 a - a +0 hand crossbow
 b - a +1 dagger of freezing (weapon)
 i - a +0 dagger
 l - a +0 short sword
Missiles
 d - 4 bolts
 f - 74 stones (quivered)
 k - 9 javelins
Armour
 e - a +0 robe (worn)
 j - a +0 tower shield
Scrolls
 c - a scroll of amnesia {unknown}
Potions
 g - 2 potions of curing {unknown}
 h - a potion of invisibility {unknown}


   Skills:
 * Level 1.7 Fighting
 - Level 1.5 Crossbows
 - Level 2.1 Dodging
 * Level 3.9 Spellcasting


You couldn't memorise any spells.
You knew the following spells:

 Your Spells              Type           Power      Damage    Failure   Level
a - Corona                Hex            15%        N/A       3%          1
b - Slow                  Hex            14%        N/A       5%          2
c - Inner Flame           Hex/Fire       14%        N/A       11%         3
d - Portal Projectile     Hex/Tloc       28%        N/A       11%         3
e - Cause Fear            Hex            7%         N/A       34%         4
f - Leda's Liquefaction   Hex/Erth       7%         N/A       34%         4
g - Apportation           Tloc           28%        N/A       3%          1
Your spell library was empty.

Dungeon Overview and Level Annotations

Branches:
Dungeon (2/15)

Altars:

Shops:
D:1 ****(


Innate Abilities, Weirdness & Mutations

You are immune to sickness and miasma.
You are immune to poison.
Your flesh is very heat resistant. (rF++)
You are vulnerable to cold. (rC-)
You float through the air rather than walking.
You learn spells naturally, not from books.
Your magical power is your life essence.
You have superior vitality. (+4 HP)


Message History

The necrophage misses you.
You closely miss the necrophage.
The necrophage is moderately damaged.
You hit the necrophage.
The necrophage is moderately damaged.
The necrophage hits you.
You hit the necrophage.
The necrophage is moderately damaged.
The necrophage barely misses you.
You hit the necrophage but do no damage.
The necrophage is moderately damaged.
You hit the necrophage but do no damage.
The necrophage is moderately damaged.
The necrophage hits you.
You hit the necrophage but do no damage.
The necrophage is moderately damaged.
The necrophage barely misses you.
You hit the necrophage but do no damage.
The necrophage is moderately damaged.
The necrophage is no longer moving slowly.
You barely miss the necrophage.
The necrophage is moderately damaged.
The necrophage hits you but does no damage.
You hit the necrophage.
The necrophage is heavily damaged.
The necrophage hits you.
You hit the necrophage but do no damage.
The necrophage is heavily damaged.
The necrophage misses you.
You hit the necrophage but do no damage.
The necrophage is heavily damaged.
The necrophage hits you.
* * * LOW HITPOINT WARNING * * *
You closely miss the necrophage.
The necrophage is heavily damaged.
The necrophage misses you.
You barely miss the necrophage.
The necrophage is heavily damaged.
The necrophage hits you!
You die...

#.........##)#
#########.##.#
#..#.# ##.#.#
#####'#.#
#.......#
###.......#
#..........#
#...####@#.#
#... #n#.# #..
# #.#.# #. ..
#.#.# ##
...#(#.#
......(
#...####
#..wr.<#
#...####


You could see a necrophage.

Vanquished Creatures
  An adder (D:2)
  A worm (D:2)
  A dart slug (D:2)
  2 ball pythons (D:1)
  4 endoplasms
  A giant cockroach (D:1)
  11 goblins
  5 hobgoblins
  6 kobolds
  2 quokkas
  A bat (D:1)
  3 frilled lizards
  4 rats (D:1)
42 creatures vanquished.

Vanquished Creatures (others)
  A dart slug (D:2)
  A hobgoblin (D:2)
  A frilled lizard (D:2)
3 creatures vanquished.

Grand Total: 45 creatures vanquished

Notes
Turn   | Place    | Note
-------+----------+-------------------------------------------
     0 | D:1      | GreatCaesar the Djinni Arcane Marksman began the quest for
                  | the Orb.
     0 | D:1      | Reached XP level 1. HP: 17/17 MP: 0/0
    20 | D:1      | Found Yjuthrod's Assorted Antiques.
    46 | D:1      | Found Pueteyriaw's Assorted Antiques.
    64 | D:1      | Reached skill level 3 in Spellcasting
    96 | D:1      | Reached XP level 2. HP: 19/22 MP: 0/0
   298 | D:1      | Found Pagriho's Assorted Antiques.
   434 | D:1      | Found Qur Bink's Antique Weapon Shoppe.
   794 | D:1      | Reached XP level 3. HP: 26/27 MP: 0/0
   794 | D:1      | Learned a level 1 spell: Apportation
   800 | D:1      | Found a faded altar of an unknown god.
   810 | D:1      | Found Hagagano's Assorted Antiques.
  1963 | D:2      | Noticed a necrophage
  2060 | D:2      | Reached XP level 4. HP: 20/33 MP: 0/0
  2268 | D:2      | Slain by a necrophage

Illustrated notes

Levels and vault maps discovered:
D:1:      roderic_crop_circles_arrival_small, layout_basic, serial_shops,
          nicolae_shop_overgrown_old_shop, nicolae_shop_overgrown_old_shop,
          shop, shop, shop, ebering_ecumenical_altar_petrified
D:2:      kennysheep_the_goblin_king, layout_basic, lemuel_another_geyser

Skill      XL: |  1 |
---------------+----+-----
Spellcasting   | 3 |  3.9
Fighting       | |  1.7
Crossbows      | |  1.5
Dodging        | |  2.1

Action                   |  1- 3 |  4- 6 || total
-------------------------+-------+-------++-------
Melee: Short sword       |    22 |       ||    22
       Dagger            |     2 |    25 ||    27
 Fire: Hand crossbow     |    61 |       ||    61
 Cast: Corona            |    27 |     4 ||    31
       Slow              |     3 |     1 ||     4
Armor: Robe              |     3 |     1 ||     4
Dodge: Dodged            |    26 |     8 ||    34

Table legend: (Time is in decaauts)
 A = Elapsed time spent in this place.
 B = Non-inter-level travel time spent in this place.
 C = Inter-level travel time spent in this place.
 D = Time resting spent in this place.
 E = Time spent auto-exploring this place.
 F = Levels seen in this place.
 G = Mean time per level.
                   A        B        C        D        E       F      G
               +--------+--------+--------+--------+--------+-----+--------+
         Total |   2296 |   2022 |    274 |    452 |   1077 |   2 | 1148.0 |
       Dungeon |   2296 |   2022 |    274 |    452 |   1077 |   2 | 1148.0 |
               +--------+--------+--------+--------+--------+-----+--------+

Top non-repeatable levels by time:
     D:1: 1537 daAuts
     D:2: 758 daAuts
